 Dungeon Crawl Stone Soup version 0.22.0-13-g43fe8f2 (webtiles) character file.

8572 mopl the Covert (level 10, 0/69 HPs)
             Began as a Demigod Enchanter on Aug 15, 2018.
             Slain by an ice beast (2 damage)
             ... summoned by a deep elf mage
             ... on level 10 of the Dungeon on Aug 16, 2018.
             The game lasted 00:29:35 (14824 turns).

mopl the Covert (Demigod Enchanter)                Turns: 14824, Time: 00:29:35

Health: 0/69       AC:  5    Str: 15    XL:     10   Next: 87%
Magic:  0/19       EV: 12    Int: 23    God:
Gold:   548        SH:  0    Dex: 20    Spells: 5/17 levels left

rFire    . . .     SeeInvis .   a - +2 dagger (drain)
rCold    + . .     Gourm    .   (no shield)
rNeg     . . .     Faith    .   I - +0 robe (curse)
rPois    .         Spirit   .   (no helmet)
rElec    .         Reflect  .   (no cloak)
rCorr    .         Harm     .   g - +0 pair of gloves
MR       ++...                  H - +1 pair of boots "Xuxzogh" {rC+ Str+4}
Stlth    +++++.....             (no amulet)
HPRegen  0.21/turn              j - ring of protection from magic
MPRegen  0.16/turn              q - +2 ring of intelligence

@: drained
A: high mp 1
a: no special abilities


You were on level 10 of the Dungeon.
You were not hungry.

You visited 2 branches of the dungeon, and saw 11 of its levels.

You collected 548 gold pieces.

Inventory:

Hand Weapons
 a - a +2 dagger of draining (weapon)
 b - a +0 long sword
 o - a +0 short sword of holy wrath
 E - a +0 dagger of speed
 M - a +1 dagger of venom
 S - a +3 demon trident
Missiles
 s - 33 tomahawks (quivered)
 z - a throwing net
 A - 7 poisoned javelins
 J - 7 poisoned tomahawks
 O - 4 silver tomahawks
 Q - 7 silver javelins
 V - 2 javelins
Armour
 g - a +0 pair of gloves (worn)
 H - the +1 pair of boots "Xuxzogh" (worn) {rC+ Str+4}
   (You found it on level 8 of the Dungeon)

   It affects your strength (+4).
   It protects you from cold.
 I - a cursed +0 robe (worn)
 N - a +0 buckler
 T - quicksilver dragon scales
Magical Staves
 y - an uncursed staff of conjuration {!a}
Jewellery
 j - a ring of protection from magic (left hand)
 q - a +2 ring of intelligence (right hand)
 r - an uncursed ring of protection from magic
Wands
 D - a wand of digging (9)
 G - a wand of random effects (43)
 R - a wand of iceblast (12)
 U - a wand of paralysis (9)
Scrolls
 e - a scroll of random uselessness {unknown}
 f - 3 scrolls of blinking {unknown}
 i - 7 scrolls of identify
 l - 3 scrolls of teleportation
 m - 2 scrolls of immolation
 n - 4 scrolls of remove curse {unknown}
 t - 3 scrolls of magic mapping {unknown}
 x - 2 scrolls of amnesia {unknown}
 B - 2 scrolls of enchant weapon {unknown}
 F - a scroll of torment {unknown}
 K - a scroll of enchant armour {unknown}
 L - 2 scrolls of noise {unknown}
 P - a scroll of fog {unknown}
Potions
 c - 5 potions of curing
 h - 5 potions of heal wounds
 k - 5 potions of brilliance
 p - 3 potions of cancellation
 u - 4 potions of mutation {!q}
 v - 3 potions of magic
 w - 2 potions of haste
 C - 2 potions of lignification {!q}
Comestibles
 d - 18 rations


   Skills:
 - Level 0.8(0.2) Short Blades
 - Level 1.7(1.0) Dodging
 * Level 12.5(11.6) Stealth
 - Level 4.0(3.2) Spellcasting
 - Level 4.0(3.2) Conjurations
 + Level 8.7(7.9) Hexes
 - Level 4.0(3.3) Ice Magic


You had 5 spell levels left.
You knew the following spells:

 Your Spells              Type           Power        Failure   Level  Hunger
a - Corona                Hex            #####..      1%          1    None
b - Ensorcelled Hibernat  Hex/Ice        ####..       1%          2    ##.....
c - Confuse               Hex            #####...     1%          3    ###....
d - Tukima's Dance        Hex            #####...     1%          3    ###....
f - Dazzling Spray        Conj/Hex       ####..       3%          3    ###....

Your spell library contained the following spells:

 Spells                   Type           Power        Failure   Level  Hunger
 Magic Dart               Conj           ###.         3%          1    None
 Bolt of Magma            Conj/Fire/Erth #.........   90%         5    ######.
 Venom Bolt               Conj/Pois      ##........   85%         5    ######.
 Iskenderun's Mystic Bla  Conj           ###.....     28%         4    ####...
 Iron Shot                Conj/Erth      ##........   100%        6    #######
 Statue Form              Tmut/Erth      #........    100%        6    #######
 Dragon Form              Tmut           #.........   100%        7    #######
 Orb of Destruction       Conj           ###.......   100%        7    #######
 Iskenderun's Battlesphe  Conj/Chrm      ##......     85%         5    ######.
 Fulminant Prism          Conj/Hex       ####......   11%         4    ####...
 Force Lance              Conj/Tloc      ##......     50%         4    ####...
 Searing Ray              Conj           ###...       4%          2    ##.....
 Spellforged Servitor     Conj/Summ      ##........   100%        7    #######
 Hydra Form               Tmut           #.........   100%        6    #######
 Irradiate                Conj/Tmut      ##........   85%         5    ######.


Dungeon Overview and Level Annotations

Branches:
Dungeon (10/15)            Temple (1/1) D:6            Lair (0/6) D:8
    Orc (0/2) D:9

Annotations:
D:9 1 runed door, Terandir's ghost, novice MiFi
D:10 Fannar


Innate Abilities, Weirdness & Mutations

You have an increased reservoir of magic. (+10% MP)


Message History

Casting: Dazzling Spray (safe; 3% risk of failure)
Confirm with . or Enter, or press ? or * to list all spells.
Aiming: Dazzling Spray (safe; 3% risk of failure)
Press: ? - help, Shift-Dir - straight line, f/p - Fannar
Aim: Fannar, wielding a scimitar of flaming, wearing a robe of cold resistance and wearing a ring of ice (severely wounded, covered in an icy film, lightly drained)
The spray of energy hits Fannar.
Fannar is almost dead.
The spray of energy misses the deep elf mage.
The spray of energy hits the phantom.
The phantom is moderately damaged.
The deep elf mage casts a spell.
The deep elf mage blinks!
Fannar hits you with a scimitar of flaming!
* * * LOW HITPOINT WARNING * * *
Fannar burns you.
* * * LOW HITPOINT WARNING * * *
The ice beast hits you.
* * * LOW HITPOINT WARNING * * *
The ice beast freezes you. You resist.
You die...

#)....................#
#......##o.............
..#......##.o............
#.#.........l............
#.#....#..H.#.........#..
#.....e...u.#.........#..
#...##....Y}#.......e.#..
#...##..YW..#........ #..
#.......@e.)#....... #..
#.#....######....######..
#..........W.............
#.####.##.......########.
#......# ##.#..#######..
######.#####5#...........
#...................
#######.h#.######.#.
##.##5.#.# ##..


You could see Fannar, a cyan ugly thing, a hippogriff, a deep elf mage, a
phantom, an orc warrior (wandering), 2 ice beasts, an iguana and an orc.

Vanquished Creatures
  Urug (D:10)
  An efreet (D:10)
  A queen bee (D:9)
  2 trolls (D:9)
  A shadow (D:10)
  4 yaks (D:10)
  Eustachio (D:4)
  3 hungry ghosts
  Edmund (D:4)
  5 orc warriors
  A water moccasin (D:10)
  2 black bears (D:9)
  An ice beast (D:8)
  4 ogres
  2 sky beasts
  3 centaurs
  4 big kobolds
  8 bullfrogs
  2 gnoll sergeants
  2 scorpions
  A water moccasin zombie (D:7)
  19 killer bees (D:9)
  9 wights
  3 crimson imps
  A bullfrog zombie (D:9)
  A quasit (Temple)
  6 hounds
  6 orc wizards
  7 orc priests
  A centaur skeleton (D:10)
  Jessica (D:2)
  6 iguanas
  Terence (D:2)
  A killer bee zombie (D:9)
  8 worker ants
  A hound zombie (D:8)
  A worker ant zombie (D:4)
  7 adders
  2 gnolls
  6 shadow imps
  An adder zombie (D:5)
  An adder skeleton (D:9)
  3 worms
  8 dart slugs
  11 leopard geckos
  34 orcs
  3 ball pythons
  7 giant cockroaches
  8 hobgoblins
  6 jackals
  20 kobolds
  2 quokkas (D:6)
  7 bats
  8 frilled lizards
  9 goblins
  6 rats
271 creatures vanquished.

Vanquished Creatures (collateral kills)
  A two-headed ogre (D:9)
  3 orc warriors
  3 wights (D:10)
  A hound (D:10)
  An orc (D:9)
9 creatures vanquished.

Vanquished Creatures (others)
  A dancing weapon (D:9)
  A jelly (D:10)
2 creatures vanquished.

Grand Total: 282 creatures vanquished

Notes
Turn   | Place    | Note
-------+----------+-------------------------------------------
     0 | D:1      | mopl the Demigod Enchanter began the quest for the Orb.
     0 | D:1      | Reached XP level 1. HP: 14/14 MP: 5/5
   102 | D:1      | Reached skill level 2 in Spellcasting
   127 | D:1      | Reached skill level 3 in Stealth
   127 | D:1      | Reached XP level 2. HP: 7/20 MP: 5/7
   343 | D:1      | Learned a level 2 spell: Ensorcelled Hibernation
   539 | D:1      | Reached skill level 3 in Hexes
  1097 | D:1      | You fall through a shaft!
  1137 | D:2      | Reached XP level 3. HP: 9/26 MP: 0/8
  1145 | D:2      | Learned a level 3 spell: Confuse
  1403 | D:2      | Noticed Jessica
  1485 | D:2      | Killed Jessica
  1485 | D:2      | Reached skill level 1 in Ice Magic
  1492 | D:2      | Reached XP level 4. HP: 28/33 MP: 4/10
  1564 | D:2      | Noticed Terence
  1816 | D:2      | Killed Terence
  2577 | D:3      | Reached skill level 4 in Stealth
  2577 | D:3      | Reached XP level 5. HP: 38/38 MP: 7/11
  2820 | D:3      | HP: 1/57 [hound (3)]
  3455 | D:3      | Learned a level 3 spell: Dazzling Spray
  3475 | D:3      | Noticed a sky beast
  3502 | D:3      | Killed a sky beast
  3502 | D:3      | Reached skill level 3 in Spellcasting
  3502 | D:3      | Reached skill level 2 in Ice Magic
  3502 | D:3      | Reached XP level 6. HP: 18/45 MP: 1/13
  3791 | D:3      | Found a glowing golden altar of the Shining One.
  4145 | D:3      | Upgraded the game from 0.22.0-6-g71bd7aa to 0.22.0-13-g43fe8f2
  4184 | D:4      | HP: 1/45 [ogre/giant club (26)]
  4192 | D:4      | Reached skill level 5 in Stealth
  4192 | D:4      | Reached skill level 1 in Conjurations
  4571 | D:4      | Noticed Eustachio
  4595 | D:4      | Killed Eustachio
  4595 | D:4      | Reached skill level 4 in Hexes
  4595 | D:4      | Reached XP level 7. HP: 43/50 MP: 6/15
  4974 | D:4      | Noticed Edmund
  4995 | D:4      | Killed Edmund
  5123 | D:5      | Entered Level 5 of the Dungeon
  5246 | D:5      | Reached skill level 2 in Conjurations
  5246 | D:5      | Reached skill level 3 in Ice Magic
  5456 | D:5      | Reached skill level 6 in Stealth
  6060 | D:5      | Learned a level 3 spell: Tukima's Dance
  6206 | D:5      | Found a glowing golden altar of the Shining One.
  6282 | D:6      | Found a staircase to the Ecumenical Temple.
  6301 | Temple   | Entered the Ecumenical Temple
  6789 | D:6      | Reached XP level 8. HP: 52/57 MP: 11/17
  7099 | D:6      | Reached skill level 4 in Spellcasting
  7287 | D:6      | Found an opulent altar of Gozag.
  7618 | D:6      | Reached skill level 3 in Conjurations
  7654 | D:6      | Reached skill level 5 in Hexes
  8150 | D:7      | Found a basalt altar of Yredelemnul.
  8319 | D:7      | Reached skill level 7 in Stealth
  8331 | D:7      | Reached skill level 4 in Ice Magic
  9057 | D:7      | Reached skill level 8 in Stealth
  9057 | D:7      | Reached skill level 4 in Conjurations
  9304 | D:8      | Got a pair of brightly glowing boots
  9315 | D:8      | Identified the +1 pair of boots "Xuxzogh" {rC+ Str+4} (You found it on level 8 of the Dungeon)
  9327 | D:8      | Reached XP level 9. HP: 62/62 MP: 18/18
  9577 | D:8      | Reached skill level 6 in Hexes
  9725 | D:8      | Reached skill level 9 in Stealth
  9798 | D:8      | Found a staircase to the Lair.
 10379 | D:9      | Found a runed door.
 10635 | D:9      | Noticed a glowing orange brain
 10635 | D:9      | Noticed Terandir's ghost (novice MiFi)
 10652 | D:9      | Found a staircase to the Orcish Mines.
 10661 | D:9      | Reached skill level 10 in Stealth
 10788 | D:9      | Reached skill level 7 in Hexes
 11173 | D:8      | Reached XP level 10. HP: 32/69 MP: 16/19
 11663 | D:9      | Noticed a two-headed ogre
 11682 | D:9      | Killed a two-headed ogre
 11682 | D:9      | Reached skill level 11 in Stealth
 11920 | D:9      | Reached skill level 8 in Hexes
 12391 | D:10     | Entered Level 10 of the Dungeon
 12563 | D:10     | Noticed Urug
 12584 | D:10     | Killed Urug
 12584 | D:10     | Reached skill level 12 in Stealth
 12677 | D:10     | Noticed a mana viper
 13941 | D:10     | Found a blossoming altar of Fedhas.
 14508 | D:10     | Noticed a deep elf mage
 14539 | D:10     | Noticed Fannar
 14546 | D:10     | Noticed a cyan ugly thing
 14548 | D:10     | Noticed a rakshasa
 14824 | D:10     | HP: 2/69 [ice beast[a deep elf mage] (3)]
 14824 | D:10     | Slain by an ice beast

Skill      XL: |  1  2  3  4  5  6  7  8  9 10 |
---------------+-------------------------------+-----
Spellcasting   | 2 3 4 |  4.0
Stealth        | 3 4 5 6 8 10 12 | 12.5
Hexes          | 3 4 5 7 8 |  8.7
Ice Magic      | 1 2 3 4 |  4.0
Conjurations   | 1 2 4 |  4.0
Short Blades   | |  0.8
Dodging        | |  1.7

Action                   |  1- 3 |  4- 6 |  7- 9 | 10-12 || total
-------------------------+-------+-------+-------+-------++-------
Melee: Dagger            |   113 |   104 |   354 |   132 ||   703
       Long sword        |       |    14 |       |       ||    14
       Short sword       |       |       |    24 |    65 ||    89
       Demon trident     |       |       |       |     3 ||     3
 Cast: Corona            |     2 |       |       |       ||     2
       Ensorcelled Hiber |    19 |    30 |    93 |    36 ||   178
       Confuse           |       |     8 |    27 |    33 ||    68
       Dazzling Spray    |       |     1 |       |     7 ||     8
       Tukima's Dance    |       |       |     7 |     9 ||    16
Evoke: Wand              |       |       |       |     1 ||     1
  Use: Scroll            |     4 |     4 |     2 |     2 ||    12
       Potion            |       |     1 |     1 |     1 ||     3
 Stab: Sleeping          |    12 |    26 |    82 |    12 ||   132
       Confused          |       |     5 |    18 |    13 ||    36
       Distracted        |       |       |     1 |     1 ||     2
       Invisible         |       |       |       |     1 ||     1
       Paralysed         |       |       |       |     1 ||     1
  Eat: Chunk             |     3 |    11 |    24 |    10 ||    48
       Ration            |       |       |       |     3 ||     3
Armor: Robe              |    26 |    23 |    62 |    42 ||   153
Dodge: Dodged            |    74 |    70 |   221 |   110 ||   475
       Rpst.: Long sword |       |     3 |       |       ||     3
